 Dungeon Crawl Stone Soup version 0.32-a0-38-gb04dd89b9b (webtiles) character file.

Game seed: 7152989516968225801

8497 hikkokomori the Magician (level 11, -9/66 HPs)
             Began as a Gargoyle Alchemist on Jan 24, 2024.
             Was a Follower of Vehumet.
             Killed by the air
             ... invoked by Gastronok
              (26 damage)
             ... on level 9 of the Dungeon.
             The game lasted 00:36:09 (12118 turns).

hikkokomori the Magician (Gargoyle Alchemist)      Turns: 12118, Time: 00:36:14

Health: -9/66      AC: 15    Str: 13    XL:     11   Next: 31%
Magic:  9/22       EV: 11    Int: 19    God:    Vehumet [*.....]
Gold:   668        SH:  0    Dex: 10    Spells: 3/25 levels left

rFire   + . .        D - +1 whip (elec)
rCold   . . .        (no shield)
rNeg    + . .        q - +1 robe of Apathy {^Drain rElec rF+}
rPois   ∞            (no helmet)
rElec   +            I - +2 cloak {rCorr}
rCorr   +            f - +0 pair of gloves
SInv    .            (no boots)
Will    .....        (no amulet)
Stlth   +++          s - ring of wizardry
HPRegen 0.31/turn    w - ring of wizardry
MPRegen 0.18/turn

%: wizardry (x2)
@: hasted and slowed
A: sickness immunity, AC +8, negative energy resistance 1, electricity
resistance, torment resistance 1, petrification resistance
a: Renounce Religion


You were on level 9 of the Dungeon.
You worshipped Vehumet.
Vehumet was aware of your devotion.
You visited 3 branches of the dungeon, and saw 12 of its levels.
You also visited: Sewer.

You collected 668 gold pieces.

Inventory:

Hand Weapons
 j - a +0 morningstar
 D - a +1 whip of electrocution (weapon)
Missiles
 a - a throwing net
 F - 20 darts of dispersal
Armour
 f - a +0 pair of gloves (worn)
 q - the +1 robe of Apathy (worn) {^Drain rElec rF+}
   (You found it on level 6 of the Dungeon)

   rF+:       It protects you from fire.
   rElec:     It insulates you from electricity.
   ^Drain:    It drains your maximum health when unequipped.
 I - a +2 cloak of preservation (worn)
 K - a +0 kite shield
Jewellery
 k - a +6 ring of strength
 l - a ring of positive energy
 p - an amulet of guardian spirit
 r - a ring of resist corrosion
 s - a ring of wizardry (left hand)
 w - a ring of wizardry (right hand)
 y - a +6 ring of dexterity
Wands
 g - a wand of mindburst (13)
 h - a wand of polymorph (26)
 v - a wand of iceblast (6)
 B - a wand of charming (5)
 J - a wand of acid (10)
Scrolls
 c - a scroll of fog
 d - 3 scrolls of noise
 i - 3 scrolls of amnesia
 m - a scroll of revelation
 n - 2 scrolls of immolation
 o - 3 scrolls of teleportation
 t - a scroll of identify
 u - a scroll of vulnerability
 G - a scroll of poison
 L - a scroll of torment
Potions
 b - 2 potions of magic
 e - 3 potions of attraction
 x - 2 potions of resistance
 z - 3 potions of enlightenment
 A - 3 potions of mutation
 C - a potion of lignification
 E - 2 potions of haste
 H - 2 potions of brilliance


   Skills:
 + Level 6.5 Fighting
 - Level 6.7 Maces & Flails
 - Level 1.5 Dodging
 - Level 7.4 Stealth
 + Level 7.6 Spellcasting
 - Level 5.1 Conjurations
 + Level 0.0 Hexes
 + Level 4.1 Fire Magic
 - Level 2.2 Air Magic
 + Level 7.2 Alchemy


You had 3 spell levels left.
You knew the following spells:

 Your Spells              Type           Power      Damage    Failure   Level
a - Tukima's Dance        Hex            7%         N/A       8%          3
b - Mercury Vapours       Alch/Air       50%        N/A       1%          2
c - Mephitic Cloud        Conj/Alch/Air  25%        N/A       1%          3
d - Olgreb's Toxic Radia  Alch           34%        N/A       1%          4
e - Yara's Violent Unrav  Hex/Alch       10%        3d6       16%         5
f - Sticky Flame          Fire/Alch      28%        2d7       2%          4
g - Foxfire               Conj/Fire      96%        2x1d8     1%          1

Your spell library contained the following spells:

 Spells                   Type           Power      Damage    Failure   Level
 Magic Dart               Conj           100%       1d8       1%          1
 Sting                    Conj/Alch      100%       1d9       1%          1
 Momentum Strike          Conj/Tloc      34%        3d8       1%          2
 Blink                    Tloc           14%        N/A       4%          2
 Call Imp                 Summ           14%        N/A       4%          2
 Lesser Beckoning         Tloc           14%        N/A       4%          2
 Gell's Gravitas          Tloc           7%         N/A       8%          3
 Teleport Other           Tloc           7%         N/A       8%          3
 Passage of Golubria      Tloc           7%         N/A       24%         4


Dungeon Overview and Level Annotations

Branches:
Dungeon (10/15)            Temple (1/1) D:7             Orc (1/2) D:9
  Sewer (visited)
   Lair: D:8-11

Altars:
Ashenzari
Cheibriados
Dithmenos
Elyvilon
Fedhas
Gozag
Hepliaklqana
Kikubaaqudgha
Makhleb
Nemelex Xobeh
Okawaru
Qazlal
Ru
Sif Muna
Trog
Uskayaw
Vehumet
Wu Jian
Xom
Yredelemnul
Zin
The Shining One

Annotations:
D:9 Gastronok


Innate Abilities, Weirdness & Mutations

You are immune to sickness and miasma.
Your stone body is resilient. (AC +8)
You are immune to poison.
You resist negative energy. (rN+)
You are resistant to electric shocks. (rElec)
You are resistant to unholy torment.
You are immune to petrification.


Message History

Unknown command.
Unknown command.
Casting: Tukima's Dance (dangerous; 8% risk of failure)
Confirm with . or Enter, or press ? or * to list all spells.
Aiming: Mercury Vapours (safe; 1% risk of failure)
Press: ? - help, Dir - move target, f/p - Gastronok
Aim: Gastronok, wearing a +2 hat (noxious fumes, moderately wounded, extremely poisoned, covered in acid, chance to weaken: 0%) Fumes of mercury billow around Gastronok!
Gastronok looks as sick as possible!
Gastronok is engulfed in noxious fumes.
Gastronok appears confused.
Casting: Mercury Vapours (safe; 1% risk of failure)
Confirm with . or Enter, or press ? or * to list all spells.
You begin to radiate toxic energy.
Gastronok looks as sick as possible!
Unknown command.
Unknown command.
Your toxic aura wanes.
Gastronok is engulfed in noxious fumes.
You feel yourself speed up.
Gastronok seems less confused.
Gastronok bites you!!
You hit Gastronok.
Gastronok is moderately wounded.
You hit Gastronok.
Gastronok is moderately wounded.
Gastronok bites you!!
* * * LOW HITPOINT WARNING * * *
You are too injured to fight recklessly!
Unknown command.
Unknown command.
Gastronok is no longer covered in acid.
Casting: Olgreb's Toxic Radiance (dangerous; 1% risk of failure)
Confirm with . or Enter, or press ? or * to list all spells.
Aiming: Mephitic Cloud (safe; 1% risk of failure)
Press: ? - help, Shift-Dir - straight line, p - Gastronok The ball explodes into a vile cloud!
The stinking cloud engulfs Gastronok.
Gastronok is moderately wounded.
Gastronok is engulfed in noxious fumes.
Gastronok waves his eye-stalks in wide circles.
The air twists around and strikes you!!
You die...
Gastronok gurgles, "Time to dig in!"

#.......##.#.##..........
#.......##.#.##..........
#.......##.#.##........##
#......=##...####...)....
########.......###..## #........
#.....$......§w# #...###........
#......$.....^§# ##........#####
#............§§#####.##.........
#..............@.# #..........>[
#..............#.# ###........[.
#..............#.#####......)...
#........(.....#................
##..............####.............
................## #......#######
..........###....# #........#####
######....+ +....# #.....##...#..
# #....# #..(.# #.....####....


You could see Gastronok (very poisoned).

Vanquished Creatures
  A two-headed ogre (D:9)
  Pikel (D:7)
  Maurice (D:7)
  Psyche (D:10)
  A wyvern (D:8)
  14 yaks
  3 wargs (D:9)
  A steam dragon (D:6)
  Menkaure (D:7)
  A water moccasin (D:8)
  4 orc warriors
  A sky beast (D:8)
  2 black bears
  2 ice beasts
  2 ogres
  2 centaurs
  A phantom (D:4)
  A lemure (D:7)
  5 kobold brigands
  6 bullfrogs
  A gnoll sergeant (D:8)
  3 scorpions
  3 wights
  3 killer bees (D:9)
  An electric eel (D:7)
  5 howler monkeys
  4 hounds
  3 jellies
  2 bombardier beetles (D:3)
  A gnoll bouda (D:9)
  2 orc priests (D:8)
  2 sleepcaps (D:6)
  Natasha (thrice) (D:3)
  3 iguanas
  6 orc wizards
  14 adders
  A river rat (Sewer)
  12 gnolls
  2 white imps
  2 dart slugs (D:1)
  4 ribbon worms
  17 orcs
  3 bats
  9 endoplasms
  4 giant cockroaches
  7 hobgoblins
  16 kobolds
  6 quokkas
  22 ball pythons
  7 frilled lizards
  19 goblins
  33 rats
271 creatures vanquished.

Vanquished Creatures (others)
  A dancing weapon (D:7)
  A scorpion (D:7)
2 creatures vanquished.

Grand Total: 273 creatures vanquished

Notes
Turn   | Place    | Note
-------+----------+-------------------------------------------
     0 | D:1      | hikkokomori the Gargoyle Alchemist began the quest for the
                  | Orb.
     0 | D:1      | Reached XP level 1. HP: 10/10 MP: 3/3
   142 | D:1      | Reached XP level 2. HP: 6/16 MP: 0/5
   319 | D:1      | Reached skill level 1 in Fighting
   494 | D:1      | Reached XP level 3. HP: 9/20 MP: 1/6
  1190 | D:2      | Reached XP level 4. HP: 26/26 MP: 0/7
  1801 | D:2      | Learned a level 2 spell: Mercury Vapours
  1805 | D:2      | Learned a level 3 spell: Mephitic Cloud
  2148 | D:2      | Reached XP level 5. HP: 29/30 MP: 6/9
  2560 | D:3      | Found a faded altar of an unknown god.
  2733 | D:3      | Reached skill level 1 in Maces & Flails
  2903 | D:3      | Noticed Natasha
  2915 | D:3      | Killed Natasha
  3224 | D:3      | Noticed Natasha
  3238 | D:3      | Killed Natasha
  3239 | D:3      | Reached XP level 6. HP: 30/36 MP: 8/10
  3455 | D:3      | Noticed Natasha
  3458 | D:3      | Killed Natasha
  3877 | D:4      | Noticed a black bear
  3896 | D:4      | Reached XP level 7. HP: 34/41 MP: 10/12
  4036 | D:4      | Found a shimmering altar of Xom.
  4128 | D:4      | Found a stormy altar of Qazlal.
  4715 | D:5      | Entered Level 5 of the Dungeon
  4782 | D:5      | Found a glowing drain.
  4786 | Sewer    | Entered a sewer
  4918 | Sewer    | Learned a level 4 spell: Olgreb's Toxic Radiance
  5024 | Sewer    | Reached skill level 5 in Stealth
  5138 | Sewer    | Reached XP level 8. HP: 29/48 MP: 2/14
  5660 | D:5      | Found a glowing silver altar of Zin.
  6535 | D:6      | Reached skill level 1 in Air Magic
  6768 | D:6      | Reached skill level 5 in Spellcasting
  6768 | D:6      | Reached XP level 9. HP: 34/52 MP: 1/16
  6771 | D:6      | Identified the +1 robe of Apathy {^Drain rElec rF+}
  7182 | D:6      | Reached skill level 5 in Alchemy
  7619 | D:7      | Learned a level 3 spell: Tukima's Dance
  7625 | D:7      | Learned a level 5 spell: Yara's Violent Unravelling
  7943 | D:7      | Noticed Menkaure
  7954 | D:7      | Killed Menkaure
  7966 | D:7      | Reached skill level 5 in Maces & Flails
  8261 | D:7      | Noticed Pikel
  8282 | D:7      | Killed Pikel
  8700 | D:7      | Noticed Maurice
  8712 | D:7      | Killed Maurice
  8713 | D:7      | Reached skill level 5 in Conjurations
  8713 | D:7      | Reached XP level 10. HP: 53/58 MP: 8/19
  8799 | D:7      | Found a staircase to the Ecumenical Temple.
  8914 | Temple   | Entered the Ecumenical Temple
  8978 | Temple   | Became a worshipper of Vehumet
  9308 | D:8      | Found a snail-covered altar of Cheibriados.
  9340 | D:8      | Found a bloodstained altar of Trog.
  9346 | D:8      | Learned a level 4 spell: Sticky Flame
  9582 | D:8      | Reached skill level 1 in Fire Magic
  9726 | D:8      | Found a faded altar of an unknown god.
  9726 | D:8      | Found a shimmering blue altar of Sif Muna.
  9734 | D:8      | Found a faded altar of an unknown god.
  9736 | D:8      | Found a glowing golden altar of the Shining One.
  9738 | D:8      | Found a sparkling altar of Nemelex Xobeh.
 10255 | D:9      | Reached skill level 5 in Fighting
 10263 | D:9      | Reached * piety under Vehumet
 10263 | D:9      | Offered knowledge of Foxfire by Vehumet.
 10267 | D:9      | Learned a level 1 spell: Foxfire
 10469 | D:9      | Noticed a two-headed ogre
 10715 | D:9      | Found a staircase to the Orcish Mines.
 10756 | D:9      | Noticed Gastronok
 10817 | Orc:1    | Entered Level 1 of the Orcish Mines
 11010 | D:9      | HP: 1/59 [warg (9)]
 11025 | D:10     | Entered Level 10 of the Dungeon
 11029 | D:10     | Found a hide-covered altar of Uskayaw.
 11349 | D:10     | Noticed Psyche
 11361 | D:10     | Killed Psyche
 11470 | D:10     | Identified the +2 chain mail of Pandemonium {+Blink rF-
                  | Int+3}
 11541 | D:10     | Reached XP level 11. HP: 64/64 MP: 10/21
 11868 | D:9      | Killed a two-headed ogre
 12118 | D:9      | Killed from afar by Gastronok

Illustrated notes

Levels and vault maps discovered:
D:1:      dpeg_arrival_castle, layout_rooms
D:2:      cheibrodos_greedy_goblins, layout_basic, nicolae_hexahallways,
          lexackson_kobold_supper
D:3:      layout_basic, nicolae_ecumenical_oubliette, corner_web_ring,
          uniq_natasha
D:4:      layout_cave_pods, mainiacjoe_overflow_catwalk_spiral,
          chequers_serial_rivers_large_a
D:5:      layout_basic, mainiacjoe_overflow_small_starburst,
          gup_sewer_entry_bowl
D:6:      layout_loops_cross, minmay_unpleasant_kobolds
D:7:      layout_basic, lemuel_temple_firewalk_b, nicolae_water_bricks,
          uniq_maurice, uniq_menkaure, uniq_pikel
D:8:      layout_basic, lemuel_doored_altar, mainiacjoe_overflow_paths,
          chequers_temple_overflow_minitemple
D:9:      layout_basic, orc_0_dummy, serial_corexii_hall,
          corexii_hall_statues_i, chequers_hall_statues_corner_a,
          corexii_hall_statues_s, uniq_gastronok
D:10:     layout_basic, lemuel_tele_altar, hangedman_decor_peaks_small,
          uniq_psyche
Temple:   oiseaux_autumnal_temple
Orc:1:    layout_caves, mines3_lemuel

Skill      XL: |  1  2  3  4  5  6  7  8  9 10 11 |
---------------+----------------------------------+-----
Fighting       | 1 2 3 4 5 6 |  6.5
Stealth        | 3 4 5 6 7 |  7.4
Alchemy        | 3 4 5 6 7 |  7.2
Maces & Flails | 1 2 3 4 5 6 |  6.7
Spellcasting   | 3 4 5 6 7 |  7.6
Conjurations   | 3 5 |  5.1
Air Magic      | 1 2 |  2.2
Fire Magic     | 3 4 |  4.1
Dodging        | |  1.5

Action                     |  1- 3 |  4- 6 |  7- 9 | 10-12 || total
---------------------------+-------+-------+-------+-------++-------
  Melee: Unarmed           |    23 |       |       |       ||    23
         Club              |    18 |       |       |       ||    18
         Whip              |     2 |    14 |   148 |   148 ||   312
         Morningstar       |       |   161 |   170 |       ||   331
         Punch             |       |     1 |     3 |       ||     4
  Throw: Throwing net      |       |       |     1 |       ||     1
   Cast: Sting             |    56 |    29 |       |       ||    85
         Mercury Vapours   |       |    24 |    39 |    10 ||    73
         Olgreb's Toxic Ra |       |       |    26 |    35 ||    61
         Mephitic Cloud    |       |       |     5 |    18 ||    23
         Tukima's Dance    |       |       |     5 |       ||     5
         Yara's Violent Un |       |       |     2 |     1 ||     3
         Sticky Flame      |       |       |       |     2 ||     2
  Evoke: Wand              |       |       |     3 |     1 ||     4
    Use: Scroll            |       |     1 |    18 |     6 ||    25
         Potion            |       |       |       |     4 ||     4
   Stab: Sleeping          |       |     9 |     5 |       ||    14
         Distracted        |       |       |     1 |     1 ||     2
         Confused          |       |       |     4 |     3 ||     7
 Armour: Robe              |    58 |   137 |   256 |   126 ||   577
  Dodge: Dodged            |    31 |   139 |   219 |    98 ||   487

Table legend: (Time is in decaauts)
 A = Elapsed time spent in this place.
 B = Non-inter-level travel time spent in this place.
 C = Inter-level travel time spent in this place.
 D = Time resting spent in this place.
 E = Time spent auto-exploring this place.
 F = Levels seen in this place.
 G = Mean time per level.
                   A        B        C        D        E       F      G
               +--------+--------+--------+--------+--------+-----+--------+
         Total |  12269 |  11632 |    637 |   1237 |   7819 |  13 |  943.8 |
       Dungeon |  11586 |  11044 |    542 |   1008 |   7769 |  10 | 1158.6 |
        Temple |     97 |      2 |     95 |      0 |      0 |   1 |   97.0 |
  Orcish Mines |     10 |     10 |      0 |      0 |      0 |   1 |   10.0 |
         Sewer |    575 |    575 |      0 |    229 |     50 |   1 |  575.0 |
               +--------+--------+--------+--------+--------+-----+--------+

Top non-repeatable levels by time:
     D:2: 1673 daAuts
     D:4: 1357 daAuts
     D:7: 1348 daAuts
     D:6: 1274 daAuts
     D:8: 1201 daAuts
     D:9: 1061 daAuts
     D:5: 1029 daAuts
     D:3: 1018 daAuts
     D:1: 994 daAuts
    D:10: 627 daAuts
   Sewer: 575 daAuts
  Temple: 97 daAuts
   Orc:1: 10 daAuts
